 Dungeon Crawl Stone Soup version 0.23.2-1-ga50397a6bc (webtiles) character file.

Game seed: 1509544516239925366

17318 Foic the Grappler (level 12, -6/105 HPs)
             Began as a Troll Fighter on May 26, 2019.
             Was a High Priest of Yredelemnul.
             Mangled by an eight-headed hydra (17 damage)
             ... on level 3 of the Lair of Beasts.
             The game lasted 00:53:38 (10979 turns).

Foic the Grappler (Troll Fighter)                  Turns: 10979, Time: 00:53:39

Health: -6/105     AC:  8    Str: 30    XL:     12   Next: 17%
Magic:  15/15      EV: 15    Int:  6    God:    Yredelemnul [*****.]
Gold:   729        SH: 16    Dex: 15    Spells: 10/11 levels left

rFire    . . .     SeeInvis .     - Unarmed
rCold    . . .     Gourm    +   b - +0 shield
rNeg     . . .     Faith    .   F - +0 robe {MR+}
rPois    .         Spirit   .   G - +2 hat
rElec    .         Reflect  +   (no cloak)
rCorr    .         Harm     .   (gloves unavailable)
MR       +....                  (boots unavailable)
Stlth    ++........             v - +4 amulet of reflection
HPRegen  0.67/turn              f - +5 ring of dexterity
MPRegen  0.14/turn              l - +2 ring of intelligence

@: no status effects
A: large, unfitting armour, claws 3, fast metabolism 3, gourmand, regeneration
1, shaggy fur 1, tough skin 3
a: Recall Undead Slaves, Injury Mirror, Animate Dead, Drain Life, Enslave Soul,
Renounce Religion


You were on level 3 of the Lair of Beasts.
You worshipped Yredelemnul.
Yredelemnul was extremely pleased with you.
You were very full.

You visited 3 branches of the dungeon, and saw 15 of its levels.

You collected 949 gold pieces.
You spent 220 gold pieces at shops.

Inventory:

Hand Weapons
 r - a +1 blowgun
Missiles
 e - 396 stones (quivered)
 s - 35 poisoned needles
 w - 6 javelins
Armour
 b - a +0 shield (worn)
 E - a +1 robe of cold resistance
 F - a +0 robe of magic resistance (worn)
 G - a +2 hat (worn)
Jewellery
 f - a +5 ring of dexterity (left claw)
 g - an uncursed ring of ice
 k - an uncursed amulet of rage
 l - a +2 ring of intelligence (right claw)
 o - an uncursed ring of fire
 v - a +4 amulet of reflection (around neck)
 Q - an uncursed ring of wizardry
Wands
 j - a wand of acid (17)
 t - a wand of enslavement (34)
 x - a wand of polymorph (8)
 D - a wand of random effects (31)
 K - a wand of iceblast (6)
 P - a wand of clouds (5)
Scrolls
 a - 2 scrolls of noise {unknown}
 i - 2 scrolls of enchant weapon
 n - 4 scrolls of remove curse
 q - 5 scrolls of identify
 u - 4 scrolls of amnesia {unknown}
 y - 3 scrolls of fog {unknown}
 C - 6 scrolls of vulnerability {unknown}
 I - a scroll of magic mapping {unknown}
 J - a scroll of random uselessness {unknown}
 N - 2 scrolls of teleportation
 O - a scroll of acquirement {unknown}
 R - a scroll of fear {unknown}
Potions
 c - a potion of might
 h - a potion of agility
 m - 4 potions of haste
 p - 3 potions of heal wounds
 z - a potion of curing
 A - 2 potions of flight
 B - 2 potions of lignification
 L - a potion of degeneration {unknown}
 M - a potion of mutation {unknown}
Miscellaneous
 H - a fan of gales
Comestibles
 d - 21 rations
 S - 6 chunks of flesh


   Skills:
 + Level 3.5 Fighting
 * Level 9.7 Dodging
 + Level 2.6 Stealth
 + Level 7.6 Shields
 + Level 11.9 Unarmed Combat
 + Level 5.7 Invocations


You had 10 spell levels left.
You knew the following spells:

 Your Spells              Type           Power        Failure   Level  Hunger
a - Confusing Touch       Hex            #.....       54%         1    ##.....

Your spell library contained the following spells:

 Spells                   Type           Power        Failure   Level  Hunger
 Animate Skeleton         Necr           N/A          54%         1    ##.....
 Apportation              Tloc           #.....       54%         1    ##.....
 Beastly Appendage        Tmut           #.....       54%         1    ##.....
 Summon Small Mammal      Summ           #...         54%         1    ##.....
 Sticks to Snakes         Tmut           #.......     69%         2    ###....
 Confuse                  Hex            #.......     89%         3    ####...
 Gell's Gravitas          Tloc           #.........   89%         3    ####...
 Spider Form              Tmut/Pois      #.........   89%         3    ####...
 Ice Form                 Ice/Tmut       #.......     100%        4    #####..
 Petrify                  Tmut/Erth      #.......     100%        4    #####..
 Blade Hands              Tmut           #.........   100%        5    ######.
 Metabolic Englaciation   Hex/Ice        #.........   100%        5    ######.
 Yara's Violent Unravell  Hex/Tmut       #.........   100%        5    ######.


Dungeon Overview and Level Annotations

Branches:
Dungeon (11/15)            Temple (1/1) D:7            Lair (3/6) D:11
  Snake (0/4) Lair:2
  Swamp: Lair:2-4    Shoals: Lair:2-4       Orc: D:9-12

Altars:
Ashenzari
Cheibriados
Dithmenos
Elyvilon
Fedhas
Gozag
Hepliaklqana
Kikubaaqudgha
Makhleb
Nemelex Xobeh
Okawaru
Qazlal
Ru
Sif Muna
Trog
Uskayaw
Vehumet
Wu Jian
Xom
Yredelemnul
Zin
The Shining One

Shops:
D:5 =:!:

Portals:
Bailey: D:10

Annotations:
D:5 1545g manual of fighting, 2 transporters
D:9 3 runed translucent doors, Alannah's ghost, novice DsGl; EvilAshe's ghost, journeyman TeAE; Jabberih's ghost, novice CeAM; will825x's ghost, journeyman OpEn
Lair:1 exclusion: 2 oklob plants


Innate Abilities, Weirdness & Mutations

You are too large for most types of armour.
You have claws for hands.
Your metabolism is lightning-fast.
You like to eat raw meat.
Your natural rate of healing is unusually fast.
You are covered in fur. (AC +1)
You have extremely tough skin. (AC +3)


Message History

The eight-headed hydra bites you.
* * * LOW HITPOINT WARNING * * *
The eight-headed hydra barely misses you.
The eight-headed hydra closely misses you.
Okay, then.
The eight-headed hydra seems less confused.
Found a brass wand.
Your magical contamination has completely faded away.
The eight-headed hydra bites you!
* * * LOW HITPOINT WARNING * * *
The eight-headed hydra misses you.
You block the eight-headed hydra's attack.
The eight-headed hydra bites you but does no damage.
You block the eight-headed hydra's attack.
The eight-headed hydra bites you!
* * * LOW HITPOINT WARNING * * *
The eight-headed hydra barely misses you.
The eight-headed hydra bites you!
You die...
Your body rises from the dead as a mindless zombie.

...# .....# #####.....#
...... ..# #.....# ......
#.....# ...... ##.....#
P.P#.#.#.# ### #......#
.........###.######.....#
.......#................##
.......#.........D.......#
###.###.........@.......##
...............>........##
#......................#
#.....................##
#.#.#####.#P#..........#
#.### #####.........##
#.## #..#..#....# ##..#
#..#####...## #..## ##.#
##....#


You could see an eight-headed hydra.

Vanquished Creatures
  Gastronok (D:8)
  Fannar (Lair:1)
  Harold (D:7)
  An unseen horror (D:11)
  A centaur zombie (D:11)
  A gargoyle (D:11)
  2 spiny frogs
  3 komodo dragons
  A centaur skeleton (D:11)
  A troll (D:11)
  Grinder (D:3)
  A hornet (D:10)
  3 hippogriffs
  A shadow (D:11)
  A wyvern (Lair:2)
  A basilisk (Lair:1)
  13 yaks
  A hungry ghost (D:8)
  2 wargs (D:11)
  4 nagas (Lair:2)
  An acid dragon (D:11)
  2 water moccasins (Lair:1)
  A porcupine (Lair:2)
  A black bear (D:11)
  3 ice beasts
  An orc warrior (D:8)
  A sky beast (D:10)
  A phantom (D:4)
  3 wolves (Lair:3)
  2 ogres
  6 centaurs
  3 crocodiles
  11 bullfrogs
  A wyvern zombie (D:7)
  A wyvern skeleton (D:10)
  2 scorpions
  2 killer bees (D:7)
  16 wights
  3 howler monkeys (D:10)
  3 crimson imps
  2 bullfrog zombies
  4 hounds
  3 jellies
  11 orc priests
  Jessica (D:2)
  3 iguanas
  12 orc wizards
  Natasha (D:3)
  4 worker ants
  A hound skeleton (D:6)
  A worker ant zombie (D:8)
  Robin (D:2)
  3 howler monkey skeletons
  19 gnolls
  11 adders
  2 shadow imps (D:5)
  2 oozes
  2 adder zombies
  2 worms
  6 leopard geckos
  33 orcs
  4 bats
  3 giant cockroaches
  12 goblins
  8 hobgoblins
  9 jackals
  2 quokkas
  A ball python (D:3)
  7 frilled lizards
  A jackal zombie (D:6)
  8 kobolds
  4 rats
288 creatures vanquished.

Vanquished Creatures (collateral kills)
  A hydra (D:11)
  A cyclops (D:11)
  2 oklob plants (Lair:1)
  A hippogriff (Lair:1)
  A wyvern (D:8)
  2 yaks
  A basilisk (Lair:3)
  A naga (Lair:2)
  A water moccasin (Lair:1)
  2 orc warriors (D:11)
  2 eyes of draining (D:9)
  2 wolves (Lair:3)
  An ogre (D:8)
  5 bullfrogs
  A scorpion (D:7)
  A killer bee (D:7)
  3 wights
  A hound (D:9)
  An orc priest (D:11)
  3 orc wizards
  A worker ant (D:8)
  Natasha (D:3)
  2 killer bee zombies (D:10)
  A worker ant zombie (D:11)
  2 gnolls (D:8)
  An adder (D:10)
  9 orcs
  2 jackals (D:8)
  4 fungi
  A plant (Lair:1)
57 creatures vanquished.

Vanquished Creatures (others)
  6 flying skulls
  A wraith (Lair:3)
  A centaur (D:9)
  A komodo dragon skeleton (Lair:3)
  A wyvern skeleton (Lair:2)
  A wight (D:11)
  3 wolf skeletons (Lair:3)
  A basilisk zombie (Lair:3)
  2 centaur skeletons (D:11)
  A howler monkey skeleton (D:10)
  A scorpion zombie (D:11)
  An adder skeleton (D:11)
  4 gnoll skeletons
  2 goblin skeletons (D:3)
  A kobold zombie (D:3)
  2 leopard gecko skeletons (D:11)
  7 orc skeletons
  2 orc zombies
  A fungus (Lair:3)
  2 plants
41 creatures vanquished.

Grand Total: 386 creatures vanquished

Notes
Turn   | Place    | Note
-------+----------+-------------------------------------------
     0 | D:1      | Foic the Troll Fighter began the quest for the Orb.
     0 | D:1      | Reached XP level 1. HP: 22/22 MP: 0/0
   200 | D:1      | Reached XP level 2. HP: 29/29 MP: 1/1
   761 | D:2      | Found a deep blue altar of Sif Muna.
   884 | D:2      | Found a basalt altar of Yredelemnul.
   891 | D:2      | Noticed Jessica
   897 | D:2      | Killed Jessica
   897 | D:2      | Reached XP level 3. HP: 36/36 MP: 2/2
   934 | D:2      | Became a worshipper of Yredelemnul the Dark
  1040 | D:2      | Noticed Robin
  1063 | D:2      | Killed Robin
  1063 | D:2      | Reached XP level 4. HP: 38/44 MP: 3/3
  1437 | D:3      | Reached skill level 3 in Unarmed Combat
  1440 | D:3      | Reached * piety under Yredelemnul
  1504 | D:3      | Found a radiant altar of Vehumet.
  1524 | D:3      | Reached XP level 5. HP: 50/50 MP: 4/4
  1638 | D:3      | Found a deep blue altar of Sif Muna.
  1706 | D:3      | Noticed Grinder
  1715 | D:3      | Paralysed by Grinder for 4 turns
  1727 | D:3      | Paralysed by Grinder for 7 turns
  1737 | D:3      | Killed Grinder
  1737 | D:3      | Reached XP level 6. HP: 51/59 MP: 5/5
  1763 | D:3      | Noticed a +0 hand axe
  1763 | D:3      | Noticed a +0 dagger
  1764 | D:3      | Found a hide-covered altar of Uskayaw.
  1981 | D:3      | Noticed Natasha
  1985 | D:3      | Killed Natasha
  2047 | D:3      | Reached skill level 4 in Unarmed Combat
  2171 | D:3      | Noticed Natasha
  2177 | D:3      | Killed Natasha
  2177 | D:3      | Reached skill level 1 in Invocations
  2376 | D:4      | Reached XP level 7. HP: 60/66 MP: 6/6
  2874 | D:5      | Entered Level 5 of the Dungeon
  2884 | D:5      | Found Umup's Distillery.
  2886 | D:5      | Found Oxzad's Book Boutique.
  2890 | D:5      | Reached skill level 1 in Stealth
  2896 | D:5      | Reached ** piety under Yredelemnul
  3027 | D:5      | Reached skill level 5 in Unarmed Combat
  3093 | D:5      | Found a transporter.
  3137 | D:5      | Found Kifiguw's Book Emporium.
  3206 | D:5      | Found a transporter.
  3250 | D:5      | Reached skill level 5 in Dodging
  3376 | D:5      | Found Wibubb's Jewellery Emporium.
  3596 | D:6      | Reached XP level 8. HP: 71/74 MP: 8/8
  4026 | D:6      | Reached *** piety under Yredelemnul
  4092 | D:6      | Reached skill level 6 in Unarmed Combat
  4166 | D:5      | Bought a book of Misfortune for 220 gold pieces
  4168 | D:5      | Learned a level 1 spell: Confusing Touch
  4236 | D:6      | Found an iron altar of Okawaru.
  4606 | D:7      | Found a staircase to the Ecumenical Temple.
  4620 | Temple   | Entered the Ecumenical Temple
  4735 | D:7      | Found an ancient bone altar of Kikubaaqudgha.
  4815 | D:7      | Noticed a hippogriff
  4834 | D:7      | Killed a hippogriff
  4834 | D:7      | Reached skill level 7 in Unarmed Combat
  4909 | D:7      | Found a shadowy altar of Dithmenos.
  5008 | D:7      | Reached XP level 9. HP: 74/81 MP: 10/10
  5008 | D:7      | Received a gift from Yredelemnul (a wight)
  5063 | D:7      | Noticed Harold
  5077 | D:7      | Killed Harold
  5077 | D:7      | Reached skill level 5 in Shields
  5102 | D:7      | Reached skill level 8 in Unarmed Combat
  5485 | D:7      | Found a hazy altar of Hepliaklqana.
  5740 | D:8      | Reached **** piety under Yredelemnul
  5871 | D:8      | Received a gift from Yredelemnul (2 flying skulls)
  6068 | D:8      | Noticed Gastronok
  6077 | D:8      | Killed Gastronok
  6077 | D:8      | Reached skill level 9 in Unarmed Combat
  6077 | D:8      | Reached XP level 10. HP: 91/91 MP: 11/11
  6141 | D:8      | Received a gift from Yredelemnul (2 flying skulls)
  6598 | D:9      | Found a runed translucent gate.
  6598 | D:9      | Found a runed translucent gate.
  6598 | D:9      | Found a runed translucent gate.
  6639 | D:9      | Found a shimmering altar of Xom.
  6852 | D:9      | Found a white marble altar of Elyvilon.
  6852 | D:9      | Found a blossoming altar of Fedhas.
  6853 | D:9      | Found a sacrificial altar of Ru.
  6968 | D:9      | Found a bloodstained altar of Trog.
  7090 | D:9      | Noticed will825x's ghost (journeyman OpEn)
  7090 | D:9      | Noticed EvilAshe's ghost (journeyman TeAE)
  7091 | D:9      | Noticed Jabberih's ghost (novice CeAM)
  7091 | D:9      | Noticed Alannah's ghost (novice DsGl)
  7194 | D:10     | Entered Level 10 of the Dungeon
  7224 | D:10     | Found a flagged portal.
  7490 | D:10     | Reached skill level 10 in Unarmed Combat
  7568 | D:10     | Reached ***** piety under Yredelemnul
  7882 | D:11     | Received a gift from Yredelemnul (4 flying skulls)
  7890 | D:11     | Reached XP level 11. HP: 94/97 MP: 13/13
  8069 | D:11     | Killed an unseen horror
  8371 | D:11     | Received a gift from Yredelemnul (a wight)
  8372 | D:11     | Found a staircase to the Lair.
  8426 | D:11     | Reached skill level 5 in Invocations
  8795 | D:11     | Noticed a four-headed hydra
  8821 | D:11     | Killed a four-headed hydra
  8821 | D:11     | Reached skill level 11 in Unarmed Combat
  8948 | Lair:1   | Entered Level 1 of the Lair of Beasts
  9013 | Lair:1   | Received a gift from Yredelemnul (a wraith)
  9084 | Lair:1   | Noticed Fannar
  9113 | Lair:1   | Killed Fannar
  9248 | Lair:1   | Noticed an oklob plant
  9248 | Lair:1   | Noticed an oklob plant
  9265 | Lair:1   | Killed an oklob plant
  9276 | Lair:1   | Killed an oklob plant
  9960 | Lair:2   | Received a gift from Yredelemnul (a wight)
  9962 | Lair:2   | Reached XP level 12. HP: 99/105 MP: 15/15
  9968 | Lair:2   | Found a staircase to the Snake Pit.
 10930 | Lair:3   | Noticed a five-headed hydra
 10979 | Lair:3   | Mangled by an eight-headed hydra

Skill      XL: |  1  2  3  4  5  6  7  8  9 10 11 |
---------------+----------------------------------+-----
Dodging        | 3 4 5 7 8 9 |  9.7
Unarmed Combat | 3 4 5 7 9 10 11 | 11.9
Shields        | 3 4 5 6 7 |  7.6
Invocations    | 1 2 3 4 5 |  5.7
Stealth        | 1 2 |  2.6
Fighting       | 3 |  3.5

Action                   |  1- 3 |  4- 6 |  7- 9 | 10-12 || total
-------------------------+-------+-------+-------+-------++-------
Melee: Unarmed           |    79 |   132 |   368 |   452 ||  1031
 Cast: Confusing Touch   |       |       |       |     1 ||     1
Invok: Animate Remains   |       |     8 |    14 |       ||    22
       Animate Dead      |       |       |    10 |    41 ||    51
  Use: Scroll            |     1 |       |     8 |     1 ||    10
       Potion            |       |     2 |       |     5 ||     7
 Stab: Sleeping          |     1 |     3 |       |     5 ||     9
       Distracted        |       |     1 |     3 |     2 ||     6
       Confused          |       |       |       |     1 ||     1
  Eat: Chunk             |    15 |    15 |    44 |    56 ||   130
Armor: Robe              |    23 |    20 |    52 |    57 ||   152
Dodge: Dodged            |    24 |    34 |    95 |   128 ||   281
Block: Shield            |    35 |    46 |   204 |   275 ||   560
       Reflection        |       |       |     4 |    14 ||    18
